 Dungeon Crawl Stone Soup version 0.28-a0-906-g0406aca7d3 (webtiles) character file.

Game seed: 9694283846144017445

12001 Foxy the Cleaver (level 12, -7/100 HPs)
             Began as a Formicid Fighter on Nov 24, 2021.
             Was a High Priest of Okawaru.
             Mangled by a gargoyle (10 damage)
             ... while petrified by a catoblepas
             ... in a Gauntlet.
             The game lasted 00:18:31 (14123 turns).

Foxy the Cleaver (Formicid Fighter)                Turns: 14123, Time: 00:18:32

Health: -7/100     AC: 15    Str: 24    XL:     12   Next: 14%
Magic:  12/12      EV:  2    Int:  5    God:    Okawaru [*****.]
Gold:   541        SH:  0    Dex: 11    Spells: 11/11 levels left

rFire   + . .      SeeInvis +   K - +1 battleaxe (vamp)
rCold   . . .      Faith    +   C - +10 tower shield of Ignorance {rN+ Int-4}
rNeg    + + +      Spirit   .   j - +3 ring mail {rF+}
rPois   ∞          Reflect  .   (helmet unavailable)
rElec   .          Harm     .   d - +0 cloak
rCorr   .          Rampage  .   J - +1 pair of gloves
Will    ++...                   F - +2 pair of boots
Stlth   +.........              D - amulet of faith
HPRegen 0.26/turn               y - ring of positive energy
MPRegen 0.13/turn               k - ring of willpower

@: petrified, studying Shields
A: permanent stasis, dig shafts and tunnels, antennae 3, four strong arms
a: Dig, Renounce Religion, Heroism, Finesse, Duel


You were in a Gauntlet.
You worshipped Okawaru.
Okawaru was extremely pleased with you.
You visited 2 branches of the dungeon, and saw 15 of its levels.
You also visited: Ossuary and Gauntlet.

You collected 541 gold pieces.

Inventory:

Hand Weapons
 u - a +2 broad axe of flaming
 I - a +0 vorpal war axe
 K - a +1 vampiric battleaxe (weapon)
Missiles
 l - 7 javelins (quivered)
Armour
 d - a +0 cloak (worn)
 e - a scarf of shadows
 j - a +3 ring mail of fire resistance (worn)
 C - the +10 tower shield of Ignorance (worn) {rN+ Int-4}
   (You found it on level 6 of the Dungeon)

   Int:       It affects your intelligence (-4).
   rN:        It protects you from negative energy.
 F - a +2 pair of boots (worn)
 J - a +1 pair of gloves (worn)
Jewellery
 a - a ring of ice
 g - a ring of fire
 k - a ring of willpower (right hand)
 y - a ring of positive energy (left hand)
 D - an amulet of faith (around neck)
 G - a ring of protection from fire
Wands
 t - a wand of polymorph (12)
 w - a wand of iceblast (13)
 A - a wand of paralysis (10)
 M - a wand of flame (11)
Scrolls
 f - a scroll of immolation
 h - 4 scrolls of fog
 n - a scroll of enchant weapon
 p - a scroll of enchant armour
 s - a scroll of brand weapon
 v - a scroll of vulnerability
 x - 4 scrolls of holy word
Potions
 b - a potion of ambrosia
 c - a potion of might
 i - a potion of resistance {unknown}
 m - 3 potions of curing
 o - 3 potions of berserk rage {unknown}
 q - 2 potions of cancellation
 r - a potion of magic {unknown}
 z - 2 potions of lignification {unknown}
 B - 2 potions of flight {unknown}
 E - a potion of mutation {unknown}
 H - 2 potions of invisibility {unknown}
Miscellaneous
 L - a phial of floods


   Skills:
 + Level 11.3 Fighting
 * Level 14.0 Axes
 - Level 3.2 Armour
 + Level 10.6 Shields


You had 11 spell levels left.
You didn't know any spells.
Your spell library contained the following spells:

 Spells                   Type           Power      Damage    Failure   Level
 Pain                     Necr           0%         1d4       91%         1
 Shock                    Conj/Air       0%         1d3       91%         1
 Ignite Poison            Fire/Tmut/Pois 0%         N/A       99%         3
 Mephitic Cloud           Conj/Pois/Air  0%         N/A       99%         3
 Vampiric Draining        Necr           0%         2d6       99%         3
 Airstrike                Air            0%         N/A       100%        4
 Agony                    Necr           0%         N/A       100%        5
 Excruciating Wounds      Necr           0%         N/A       100%        5
 Freezing Cloud           Conj/Ice/Air   0%         6-21      100%        5
 Animate Skeleton         Necr           Unusable   N/A       N/A         1
 Swiftness                Air            Unusable   N/A       N/A         3

Dungeon Overview and Level Annotations

Branches:
Dungeon (14/15)            Temple (1/1) D:7            Lair (0/6) D:9
Ossuary (visited)         Gauntlet (1/1)
    Orc: D:9-12      Vaults: D:13-14

Altars:
Cheibriados
Dithmenos
Elyvilon
Gozag
Hepliaklqana
Kikubaaqudgha
Makhleb
Nemelex Xobeh
Okawaru
Qazlal
Ru
Sif Muna
Trog
Vehumet
Wu Jian
Xom
The Shining One

Shops:
D:10 [

Annotations:
D:10 Gastronok Gauntlet 15 transporters


Innate Abilities, Weirdness & Mutations

You cannot be hasted, slowed, berserked, paralysed or teleported.
You can dig through walls and to a lower floor.
You have a pair of large antennae on your head. (SInv)
Your four strong arms can wield two-handed weapons with a shield.


Message History

You slash the gargoyle!
The gargoyle is moderately damaged.
You are engulfed in calcifying dust.
You are slowing down.
The gargoyle hurls a stone arrow at you.
You block the stone arrow. You block the gargoyle's attack.
Your limbs are stiffening.
Unknown command.
Found a scroll of teleportation.
The gargoyle hits you with a +0 flail!
You have turned to stone.
The gargoyle hits you with a +0 flail!!
The catoblepas breathes a plume of calcifying dust at you.
The blast of calcifying dust hits the gargoyle!
The blast of calcifying dust hits you but does no damage.
The gargoyle barely misses you.
You are engulfed in calcifying dust.
The gargoyle hits you with a +0 flail! x2
You are engulfed in calcifying dust.
The gargoyle hits you with a +0 flail! The gargoyle barely misses you.
You are engulfed in calcifying dust.
The gargoyle hurls a stone arrow at you.
The stone arrow hits you!! The gargoyle hits you with a +0 flail!
You are engulfed in calcifying dust.
The gargoyle hits you with a +0 flail!
The gargoyle hurls a stone arrow at you.
The stone arrow hits you but does no damage.
The gargoyle hits you with a +0 flail!! x2
The gargoyle hits you with a +0 flail!
* * * LOW HITPOINT WARNING * * *
The gargoyle hits you with a +0 flail.
* * * LOW HITPOINT WARNING * * *
The gargoyle hurls a stone arrow at you.
The stone arrow hits you!
* * * LOW HITPOINT WARNING * * *
The gargoyle hits you with a +0 flail!!
* * * LOW HITPOINT WARNING * * *
The gargoyle hits you with a +0 flail!
* * * LOW HITPOINT WARNING * * *
The gargoyle hits you with a +0 flail.
* * * LOW HITPOINT WARNING * * *
The gargoyle completely misses you. The gargoyle hits you with a +0 flail!!
You die...

...#.#..##.##..#.#=##.###^.#.#...
..G#.#.G....Guu#.#(.##....^#.#...
#################################
§≈§§8§≈§≈#©...........©..........
######################.##########
....©.........©#≈≈8≈≈#.#.........
######################.#.........
..≈.©..≈.#.#..Y9.....#.#..#######
.≈...≈.≈.#.#..##@##..#.#..#8 8#
.≈≈...≈..#.#.#.9#..#.#.#
.≈.≈≈≈.≈.#.#.#.©#..#.#.#
≈..≈.≈†≈≈#.#..#####.©#©#
≈.≈...≈..#.#.#.. #$#
.≈.≈≈.≈≈©#.#.#.. ?#..
.≈..≈..≈.#.#..## #..
..≈≈...≈.#.#.... ..
##########.#####


You could see a catoblepas, a great orb of eyes, 2 ugly things and 2 gargoyles.

Vanquished Creatures
  A centaur warrior (D:14)
  Pikel (D:7)
  A deep elf pyromancer (D:12)
  A cyclops (D:12)
  2 manticores
  A black mamba (shapeshifter) (D:14)
  A torpor snail (Gauntlet)
  A komodo dragon (D:9)
  2 kobold demonologists (D:12)
  A hornet (D:8)
  Sigmund (D:6)
  4 wraiths
  10 yaks
  Eustachio (D:6)
  A basilisk (D:12)
  Edmund (D:6)
  A steam dragon (D:8)
  4 acid dragons
  Duvessa (D:6)
  5 orc warriors
  3 ice beasts
  An ogre (D:6)
  2 sky beasts (D:6)
  6 wolves (Gauntlet)
  A necrophage (D:4)
  A phantom (D:5)
  2 centaurs (D:10)
  5 kobold brigands
  2 bullfrogs
  3 scorpions (D:5)
  Dowan (D:6)
  A water moccasin zombie (D:6)
  A water moccasin skeleton (D:5)
  11 wights
  A howler monkey (D:8)
  2 bullfrog zombies (D:5)
  4 centaur zombies
  3 hounds
  3 orc priests
  A jelly (D:7)
  4 iguanas
  12 orc wizards
  Terence (D:2)
  4 gnolls (D:4)
  4 adders
  2 white imps
  3 ufetubi
  An adder skeleton (D:4)
  2 worms (D:2)
  A dart slug (D:2)
  32 orcs
  5 endoplasms
  2 giant cockroaches
  7 goblins
  5 hobgoblins
  2 jackals (D:4)
  4 quokkas
  6 ball pythons
  7 bats
  3 frilled lizards (D:1)
  3 hobgoblin skeletons (Ossuary)
  A hobgoblin zombie (Ossuary)
  15 kobolds
  A kobold zombie (Ossuary)
  2 orc skeletons (Ossuary)
  3 orc zombies (Ossuary)
  2 rats (D:1)
  A rat zombie (D:4)
230 creatures vanquished.

Vanquished Creatures (others)
  A human (D:14)
  An orc wizard (D:9)
  An orc (D:12)
  6 fungi (Gauntlet)
  18 plants
27 creatures vanquished.

Grand Total: 257 creatures vanquished

Notes
Turn   | Place    | Note
-------+----------+-------------------------------------------
     0 | D:1      | Foxy the Formicid Fighter began the quest for the Orb.
     0 | D:1      | Reached XP level 1. HP: 18/18 MP: 1/1
   329 | D:1      | Reached XP level 2. HP: 24/24 MP: 2/2
   704 | D:1      | Found a faded altar of an unknown god.
   863 | D:1      | Reached XP level 3. HP: 29/29 MP: 3/3
  1174 | D:2      | Noticed Terence
  1183 | D:2      | Reached skill level 3 in Axes
  1202 | D:2      | Killed Terence
  1203 | D:2      | Reached XP level 4. HP: 6/37 MP: 4/4
  2771 | D:3      | Reached skill level 4 in Axes
  2771 | D:3      | Reached XP level 5. HP: 42/42 MP: 5/5
  3182 | D:4      | Reached XP level 6. HP: 40/49 MP: 6/6
  3193 | D:4      | Found a sand-covered staircase.
  3204 | Ossuary  | Entered an ossuary
  3361 | Ossuary  | Noticed a flying skull
  3361 | Ossuary  | Noticed a wraith
  3368 | Ossuary  | Noticed a flying skull
  3370 | Ossuary  | Noticed a flying skull
  3377 | Ossuary  | Reached skill level 5 in Axes
  3445 | Ossuary  | Noticed a flying skull
  3446 | Ossuary  | Noticed a flying skull
  3660 | Ossuary  | Noticed a wraith
  3679 | Ossuary  | Killed a wraith
  3680 | Ossuary  | Reached skill level 5 in Fighting
  3680 | Ossuary  | Reached XP level 7. HP: 16/56 MP: 7/7
  3916 | Ossuary  | Noticed a wraith
  3942 | Ossuary  | Killed a wraith
  3943 | Ossuary  | Reached skill level 6 in Axes
  4953 | D:4      | Reached skill level 7 in Axes
  4953 | D:4      | Reached XP level 8. HP: 55/64 MP: 8/8
  5411 | D:5      | Entered Level 5 of the Dungeon
  5640 | D:5      | Reached skill level 8 in Axes
  6816 | D:6      | Reached XP level 9. HP: 58/72 MP: 9/9
  7062 | D:6      | Reached skill level 9 in Axes
  7583 | D:6      | Noticed Eustachio
  7583 | D:6      | Noticed Duvessa
  7583 | D:6      | Noticed Dowan
  7584 | D:6      | Found the +10 tower shield of Ignorance {rN+ Int-4}
  7606 | D:6      | Killed Duvessa
  7624 | D:6      | Killed Dowan
  7644 | D:6      | Killed Eustachio
  7911 | D:6      | Reached skill level 10 in Axes
  8388 | D:6      | Noticed Edmund
  8403 | D:6      | Killed Edmund
  8532 | D:6      | Noticed Sigmund
  8548 | D:6      | Killed Sigmund
  8844 | D:7      | Reached skill level 5 in Shields
  8844 | D:7      | Reached XP level 10. HP: 82/82 MP: 10/10
  8898 | D:7      | Found a staircase to the Ecumenical Temple.
  8915 | Temple   | Entered the Ecumenical Temple
  9071 | Temple   | Became a worshipper of Warmaster Okawaru
  9298 | D:7      | Noticed Pikel
  9357 | D:7      | Killed Pikel
  9358 | D:7      | Reached skill level 11 in Axes
  9941 | D:8      | Reached * piety under Okawaru
 10478 | D:8      | Reached ** piety under Okawaru
 11199 | D:9      | Found a staircase to the Lair.
 11264 | D:9      | Noticed a komodo dragon
 11290 | D:9      | Killed a komodo dragon
 11291 | D:9      | Reached skill level 12 in Axes
 11431 | D:9      | Reached *** piety under Okawaru
 11441 | D:9      | Noticed a manticore
 11441 | D:9      | Noticed a boulder beetle
 11441 | D:9      | Noticed a centaur warrior
 11441 | D:9      | Noticed an efreet
 11441 | D:9      | Noticed a purple ugly thing
 11445 | D:9      | Noticed a deep elf pyromancer
 11455 | D:9      | Noticed a centaur warrior
 11465 | D:9      | Noticed a brown ugly thing
 11509 | D:9      | Reached XP level 11. HP: 71/90 MP: 11/11
 11816 | D:9      | Reached skill level 10 in Fighting
 11854 | D:10     | Entered Level 10 of the Dungeon
 11909 | D:10     | Noticed a manticore
 11922 | D:10     | Killed a manticore
 12140 | D:10     | Noticed Gastronok
 12300 | D:10     | Found a shadowy altar of Dithmenos.
 12338 | D:10     | Found Wifusaer's Specialty Armours.
 12677 | D:10     | Reached **** piety under Okawaru
 12984 | D:11     | Identified the +1 chain mail "Jim Xodu" {Contam Harm rF+
                  | Str+9}
 13005 | D:11     | Identified a scroll of acquirement
 13006 | D:11     | Acquired a manual of Shields
 13078 | D:11     | Noticed a manticore
 13090 | D:11     | Killed a manticore
 13091 | D:11     | Reached skill level 13 in Axes
 13247 | D:11     | You fall into a shaft and drop 3 floors!
 13247 | D:14     | Noticed a centaur warrior
 13258 | D:14     | Killed a centaur warrior
 13396 | D:12     | Noticed a deep elf pyromancer
 13407 | D:12     | Noticed a cyclops
 13408 | D:12     | Reached ***** piety under Okawaru
 13412 | D:12     | Killed a deep elf pyromancer
 13422 | D:12     | Killed a cyclops
 13476 | D:12     | Noticed a sun demon
 13503 | D:12     | Received a gift from Okawaru
 13670 | D:12     | Reached skill level 10 in Shields
 13673 | D:12     | Found a gate leading to a gauntlet.
 13686 | D:12     | Reached XP level 12. HP: 95/100 MP: 12/12
 13716 | Gauntlet | Entered a Gauntlet
 13716 | Gauntlet | Found a transporter.
 13725 | Gauntlet | Found a transporter.
 13727 | Gauntlet | Found a transporter.
 13729 | Gauntlet | Found a transporter.
 13731 | Gauntlet | Noticed a glowing orange brain
 13746 | Gauntlet | Noticed a sixfirhy
 13751 | Gauntlet | Found a transporter.
 13760 | Gauntlet | Found a transporter.
 13764 | Gauntlet | Noticed a thrashing horror
 13767 | Gauntlet | Found a transporter.
 13784 | Gauntlet | Found a transporter.
 13801 | Gauntlet | Found a transporter.
 13813 | Gauntlet | Found a transporter.
 13825 | Gauntlet | Found a transporter.
 13829 | Gauntlet | Noticed a great orb of eyes
 13842 | Gauntlet | Found a transporter.
 13844 | Gauntlet | Found a transporter.
 13844 | Gauntlet | Found a transporter.
 13858 | Gauntlet | Found a transporter.
 13867 | Gauntlet | Found a transporter.
 13873 | Gauntlet | Found a transporter.
 14033 | Gauntlet | Noticed a catoblepas
 14049 | Gauntlet | Reached skill level 14 in Axes
 14106 | Gauntlet | Found a transporter.
 14122 | Gauntlet | HP: 5/100 [gargoyle (4)]
 14123 | Gauntlet | Mangled by a gargoyle

Illustrated notes

Levels and vault maps discovered:
D:1:      dpeg_arrival_rhombi, layout_basic,
          hellmonk_ecumenical_altar_heavens_door
D:2:      layout_basic, uniq_terence
D:3:      layout_loops_ring, serial_co_window_serial, co_window_paths_b,
          co_window_paths_b, co_window_paths_a, co_window_paths_a,
          co_window_paths_a, co_window_paths_b, co_window_unsneaky_path_e,
          co_window_of_opportunity_b, co_window_broadway_a, glass_columns_b
D:4:      layout_loops_ring, enter_ossuary_3
D:5:      layout_loops_ring
D:6:      layout_basic, sigmund_edmund_badplayer, uniq_eustachio, uniq_duvessa
D:7:      layout_basic, minmay_temple_entry_ruins, dk_noncrumbling_4,
          grunt_decor_mini_mirrors, uniq_pikel
D:8:      layout_cave_pools
D:9:      layout_grid_maze, david_lair_shrubbed, minivault_12
D:10:     layout_stronghold, nicolae_dithmenos_the_darkroom,
          nicolae_barding_shop, uniq_gastronok
D:11:     minmay_the_grid_square_5x5_3x3 [minmay_the_grid_square_5x5_moneybag,
          minmay_the_grid_square_5x5_minibox, minmay_the_grid_square_5x5_meh,
          minmay_the_grid_square_5x5_checkered_sparse,
          minmay_the_grid_square_5x5_megaprize_crossed,
          minmay_the_grid_square_5x5_lines,
          minmay_the_grid_square_5x5_three_walls,
          minmay_the_grid_square_5x5_six_small,
          minmay_the_grid_square_5x5_shrine2], layout_basic, david_orc_5,
          kennysheep_small_square
D:12:     layout_gridville, gauntlet_entry_generic, minmay_misc_feat_hallway,
          nrook_loot_triangle, minivault_24
D:13:     layout_layer_cave, hex_tiny
D:14:     layout_irregular_city, ximxim_vaults_locker_room, bloody_makhleb,
          muffindrake_ghost_dual_entry
Temple:   mainiacjoe_temple_trianglar_array
Gauntlet: gammafunk_gauntlet_one_two_three [nicolae_gauntlet_arena_flowing_pool,
          gammafunk_gauntlet_arena_split_x, nicolae_gauntlet_arena_quarters,
          nicolae_gauntlet_arena_blocks, gammafunk_gauntlet_arena_chambers,
          gammafunk_gauntlet_arena_teeth,
          gammafunk_gauntlet_arena_split_diamond,
          gammafunk_gauntlet_arena_spirals, gammafunk_gauntlet_arena_hedges,
          gauntlet_exit_green]

Skill      XL: |  1  2  3  4  5  6  7  8  9 10 11 12 |
---------------+-------------------------------------+-----
Shields        | 4 5 7 10 | 10.6
Axes           | 3 4 5 7 8 10 12 13 14 | 14.0
Fighting       | 4 5 6 7 8 9 11 | 11.3
Armour         | |  3.2

Action                   |  1- 3 |  4- 6 |  7- 9 | 10-12 || total
-------------------------+-------+-------+-------+-------++-------
Melee: War axe           |    76 |   124 |   341 |   256 ||   797
       Battleaxe         |       |       |       |    92 ||    92
       Broad axe         |       |       |       |    20 ||    20
 Abil: Dig               |       |       |     2 |     6 ||     8
Evoke: Wand              |       |       |       |     1 ||     1
  Use: Potion            |     1 |     5 |     1 |     2 ||     9
       Scroll            |       |     1 |       |    15 ||    16
 Stab: Paralysed         |       |       |       |     4 ||     4
Armor: Scale mail        |    59 |    44 |    84 |    23 ||   210
       Steam dragon scal |       |       |       |    35 ||    35
       Ring mail         |       |       |       |    41 ||    41
Dodge: Dodged            |    48 |    48 |   106 |    55 ||   257
Block: Buckler           |    18 |    19 |    59 |       ||    96
       Tower shield      |       |       |    77 |   458 ||   535

Table legend: (Time is in decaauts)
 A = Elapsed time spent in this place.
 B = Non-inter-level travel time spent in this place.
 C = Inter-level travel time spent in this place.
 D = Time resting spent in this place.
 E = Time spent auto-exploring this place.
 F = Levels seen in this place.
 G = Mean time per level.
                   A        B        C        D        E       F      G
               +--------+--------+--------+--------+--------+-----+--------+
         Total |  14306 |  13947 |    359 |   2668 |   7992 |  17 |  841.5 |
       Dungeon |  12690 |  12361 |    329 |   2010 |   7876 |  14 |  906.4 |
        Temple |    187 |    157 |     30 |      0 |      0 |   1 |  187.0 |
       Ossuary |   1015 |   1015 |      0 |    658 |    116 |   1 | 1015.0 |
      Gauntlet |    412 |    412 |      0 |      0 |      0 |   1 |  412.0 |
               +--------+--------+--------+--------+--------+-----+--------+

Top non-repeatable levels by time:
     D:6: 2083 daAuts
     D:5: 1269 daAuts
     D:8: 1224 daAuts
     D:2: 1198 daAuts
    D:10: 1134 daAuts
     D:4: 1126 daAuts
     D:3: 1126 daAuts
     D:1: 1025 daAuts
 Ossuary: 1015 daAuts
     D:7: 979 daAuts
     D:9: 771 daAuts
Gauntlet: 412 daAuts
    D:12: 337 daAuts
    D:11: 266 daAuts
  Temple: 187 daAuts
